 Dungeon Crawl Stone Soup version 0.29-a0-375-g5102b3be25 (webtiles) character file.

Game seed: 1696251013683423617

86389 bande the Severer (level 15, -1/95 HPs)
             Began as a Gargoyle Fighter on May 3, 2022.
             Was the Champion of Okawaru.
             Killed from afar by a storm dragon (7 damage)
             ... with a bolt of lightning
             ... on level 15 of the Dungeon.
             The game lasted 00:56:46 (26273 turns).

bande the Severer (Gargoyle Fighter)               Turns: 26273, Time: 00:56:48

Health: -1/95      AC: 38    Str: 25    XL:     15   Next: 87%
Magic:  0/23       EV: 10    Int:  9    God:    Okawaru [******]
Gold:   2622       SH: 19    Dex: 15    Spells: 12/14 levels left

rFire   + + .      SeeInvis .   R - +2 broad axe (flame)
rCold   + + +      Faith    .   c - +0 tower shield
rNeg    + + .      Spirit   +   Y - +0 crystal plate armour
rPois   ∞          Reflect  .   S - +2 hat
rElec   +          Harm     .   W - scarf {rC+ rF+}
rCorr   +          Rampage  .   l - +1 pair of gloves
Will    ++...                   k - +0 pair of boots of Marbles {Regen+ Str+4}
Stlth   ..........              F - amulet of guardian spirit
HPRegen 1.05/turn               E - ring of willpower
MPRegen 0.18/turn               H - ring of the Catfish {*Corrode +Blink rC++ rN+ EV+4}

@: resistant, heroic, corroded, on berserk cooldown, flying, slowed, very slow
A: sickness immunity, AC +11, big wings, negative energy resistance 1,
electricity resistance, torment resistance 1, petrification resistance
a: Renounce Religion, Evoke Blink, Heroism, Finesse, Duel


You were on level 15 of the Dungeon.
You worshipped Okawaru.
Okawaru was exalted by your worship.
You visited 3 branches of the dungeon, and saw 22 of its levels.
You also visited: Sewer.

You collected 2658 gold pieces.
You spent 36 gold pieces at shops.

Inventory:

Hand Weapons
 N - a +1 broad axe
 R - a +2 broad axe of flaming (weapon)
Missiles
 s - 2 throwing nets (quivered)
Armour
 c - a +0 tower shield (worn)
 k - the +0 pair of boots of Marbles (worn) {Regen+ Str+4}
   (You acquired it on level 2 of the Dungeon)

   Str:       It affects your strength (+4).
   Regen:     It increases your rate of health regeneration.
 l - a +1 pair of gloves (worn)
 S - a +2 hat (worn)
 W - a scarf of resistance (worn)
 Y - a +0 crystal plate armour (worn)
Jewellery
 n - a ring of magical power
 p - a ring of resist corrosion
 r - an amulet of magic regeneration
 z - a +4 ring of evasion
 C - a ring of willpower
 D - an amulet of regeneration
 E - a ring of willpower (left hand)
 F - an amulet of guardian spirit (around neck)
 H - the ring of the Catfish (right hand) {*Corrode +Blink rC++ rN+ EV+4}
   (You found it on level 6 of the Lair of Beasts)

   [ring of evasion]

   EV:        It affects your evasion (+4).
   rC:        It greatly protects you from cold.
   rN:        It protects you from negative energy.
   +Blink:    It lets you blink.
   *Corrode:  It may corrode you when you take damage.
 K - a ring of protection from cold
 L - a ring of protection from fire
 P - a ring of protection from cold
 Q - a ring of wizardry
 T - a ring of protection from fire
Wands
 b - a wand of mindburst (3)
 m - a wand of paralysis (4)
 u - a wand of digging (12)
 y - a wand of polymorph (23)
 B - a wand of flame (19)
 I - a wand of iceblast (17)
 Z - a wand of acid (11)
Scrolls
 a - a scroll of enchant weapon
 d - 5 scrolls of enchant armour
 e - 9 scrolls of teleportation
 f - 6 scrolls of identify
 q - 3 scrolls of silence
 t - a scroll of magic mapping
 v - 2 scrolls of fear
 x - a scroll of poison
 J - 2 scrolls of blinking
 V - 3 scrolls of fog
Potions
 h - 2 potions of magic
 i - 2 potions of resistance
 j - 3 potions of berserk rage
 o - 3 potions of brilliance
 w - 2 potions of cancellation
 A - 6 potions of curing
 G - 3 potions of mutation
 M - a potion of invisibility
 O - 6 potions of ambrosia
 U - 3 potions of might
 X - 3 potions of haste


   Skills:
 - Level 11.3(16.3) Fighting
 - Level 0.3(5.3) Long Blades
 + Level 15.2(20.2) Axes
 + Level 12.5(17.5) Armour
 - Level 0.1(5.1) Stealth
 + Level 9.9(14.9) Shields
 + Level 0.9(5.9) Unarmed Combat
 * Level 3.2 Translocations
 * Level 11.4 Invocations
 * Level 9.7 Evocations


You had 12 spell levels left.
You knew the following spells:

 Your Spells              Type           Power      Damage    Failure   Level
a - Blink                 Tloc           10%        N/A       100%        2

Your spell library contained the following spells:

 Spells                   Type           Power      Damage    Failure   Level
 Freeze                   Ice            0%         1d3       100%        1
 Magic Dart               Conj           0%         1d3       100%        1
 Sandblast                Erth           0%         2d4       100%        1
 Sting                    Tmut/Pois      0%         1d3       100%        1
 Corpse Rot               Necr/Air       0%         N/A       100%        2
 Passwall                 Tmut/Erth      0%         N/A       100%        2
 Poisonous Vapours        Pois/Air       0%         N/A       100%        2
 Searing Ray              Conj           0%         2d4       100%        2
 Frozen Ramparts          Ice            0%         1d2       100%        3
 Ignite Poison            Fire/Tmut/Pois 0%         N/A       100%        3
 Mephitic Cloud           Conj/Pois/Air  0%         N/A       100%        3
 Portal Projectile        Hex/Tloc       4%         N/A       100%        3
 Stone Arrow              Conj/Erth      0%         3d7       100%        3
 Fulminant Prism          Conj/Hex       0%         3d6       100%        4
 Hailstorm                Conj/Ice       0%         3d3       100%        4
 Ice Form                 Ice/Tmut       0%         N/A       100%        4
 Iskenderun's Mystic Bla  Conj/Tloc      2%         2d3       100%        4
 Leda's Liquefaction      Hex/Erth       0%         N/A       100%        4
 Olgreb's Toxic Radiance  Pois           0%         N/A       100%        4
 Passage of Golubria      Tloc           5%         N/A       100%        4
 Petrify                  Tmut/Erth      0%         N/A       100%        4
 Alistair's Intoxication  Tmut/Pois      0%         N/A       100%        5
 Blade Hands              Tmut           0%         N/A       100%        5
 Borgnjor's Vile Clutch   Necr/Erth      0%         N/A       100%        5
 Excruciating Wounds      Necr           0%         N/A       100%        5
 Freezing Cloud           Conj/Ice/Air   0%         6-21      100%        5
 Irradiate                Conj/Tmut      0%         3d13      100%        5
 Lee's Rapid Deconstruct  Erth           0%         3d5*      100%        5
 Manifold Assault         Tloc           5%         N/A       100%        5
 Silence                  Hex/Air        0%         N/A       100%        5
 Yara's Violent Unravell  Hex/Tmut       0%         3d3       100%        5
 Eringya's Noxious Bog    Tmut/Pois      0%         N/A       100%        6
 Ozocubu's Refrigeration  Ice            0%         4d5       100%        7
 Storm Form               Tmut/Air       0%         N/A       100%        7
 Ignition                 Fire           0%         3d3       100%        8
 Lehudib's Crystal Spear  Conj/Erth      0%         10d2      100%        8
 Sublimation of Blood     Necr           Unusable   N/A       N/A         2
 Call Canine Familiar     Summ           Unusable   N/A       N/A         3
 Tukima's Dance           Hex            Unusable   N/A       N/A         3
 Animate Armour           Summ/Erth      Unusable   N/A       N/A         4
 Summon Ice Beast         Ice/Summ       Unusable   N/A       N/A         4

Dungeon Overview and Level Annotations

Branches:
Dungeon (15/15)            Temple (1/1) D:5            Lair (6/6) D:9
 Shoals (0/4) Lair:4        Snake (0/4) Lair:4        Slime (0/5) Lair:6
    Orc (0/2) D:11         Vaults (0/5) D:14         Depths (0/4) D:15
  Sewer (visited)

Altars:
Ashenzari
Cheibriados
Dithmenos
Fedhas
Hepliaklqana
Kikubaaqudgha
Makhleb
Nemelex Xobeh
Okawaru
Qazlal
Ru
Sif Muna
Trog
Uskayaw
Vehumet
Wu Jian
Xom
Yredelemnul
Zin
The Shining One
Lugonu

Shops:
D:4 =   D:7 *   D:8 (   D:15 *

Portals:
Abyss: Lair:6

Annotations:
D:14 2 transporters, SirDiesAlot's ghost, journeyman DEIE
D:15 1 transporter, Jouseb's ghost, journeyman TrBe
Lair:2 exclusion: oklob plant


Innate Abilities, Weirdness & Mutations

You are immune to sickness and miasma.
Your stone body is resilient. (AC +11)
You are immune to poison.
Your large and strong wings let you fly.
You resist negative energy. (rN+)
You are resistant to electric shocks. (rElec)
You are resistant to unholy torment.
You are immune to petrification.


Message History

The storm dragon tramples you but does no damage.
Jouseb's ghost hits you but does no damage.
You hit the storm dragon. You burn the storm dragon.
The storm dragon is moderately wounded.
You hit Jouseb's ghost but do no damage.
The storm dragon bites you but does no damage.
The storm dragon claws you but does no damage.
The storm dragon misses you. You block the harpy's attack. x2
Jouseb's ghost hits you!
* * * LOW HITPOINT WARNING * * *
The storm dragon bites you!
* * * LOW HITPOINT WARNING * * *
The storm dragon closely misses you.
The storm dragon tramples you but does no damage.
You hit the storm dragon but do no damage.
The storm dragon is moderately wounded.
You slash Jouseb's ghost! You burn Jouseb's ghost.
Jouseb's ghost hits you but does no damage.
The storm dragon bites you.
* * * LOW HITPOINT WARNING * * *
You block the storm dragon's attack. x2; Jouseb's ghost hits you.
* * * LOW HITPOINT WARNING * * *
You feel much better.
The storm dragon breathes lightning at you.
The bolt of lightning hits you. You resist. The bolt of lightning hits you!
You resist.
* * * LOW HITPOINT WARNING * * *
The bolt of lightning hits the storm dragon.
The storm dragon completely resists.
You block the storm dragon's attack. x2
The storm dragon closely misses you.
Jouseb's ghost says, "To die, to sleep, no more."
Jouseb's ghost hits you!
* * * LOW HITPOINT WARNING * * *
You feel protected. You block the storm dragon's attack.
The storm dragon claws you.
* * * LOW HITPOINT WARNING * * *
You block the storm dragon's attack. You block Jouseb's ghost's attack.
The storm dragon breathes lightning at you.
The bolt of lightning hits you! You resist.
You die...

##..# ###...................####.
#..###...####.©.####............
#..##..###. #####..##...........
#.....##..#.(??)$..D#...........
#...#.#....###[..##.##......####
#...#.##.#...†.#.....#......# #
##...#..#...#..©†.##..#......# #
........#..##.†#DWH...#....).####
........#....#..@#...##...[[.....
......÷.##......#...©#..##.).....
##....#..##.###..#####.###...####
#....##..###©####.....# #...#
#....###..........##### #...####
#....# #..........# #.......
#....# #..........# #.......
#....# #...######.# #.......
#....# #...# #.# #.......


You could see a storm dragon (catching breath), a harpy (slow) and Jouseb's
ghost.

Vanquished Creatures
  Kirke (D:13)
  A juggernaut zombie (D:15)
  Snorg (D:13)
  Fannar (D:12)
  11 hydras
  A catoblepas (D:13)
  A spriggan zombie (D:15)
  An ice dragon (D:15)
  An ogre mage (D:15)
  5 vault guards (D:14)
  3 boulder beetles
  4 centaur warriors
  10 death yaks
  Erica (D:9)
  7 two-headed ogres
  2 thrashing horrors (Lair:6)
  Nergalle (D:9)
  Lodul (D:12)
  A skeletal warrior (D:15)
  A deep troll (shapeshifter) (D:14)
  A golden dragon skeleton (D:15)
  A deep elf archer (D:15)
  A phantasmal warrior (D:15)
  A necromancer (D:15)
  3 orc knights (D:15)
  Pikel (D:7)
  2 deep elf pyromancers
  2 orc sorcerers
  3 manticores (D:15)
  3 cyclopes
  A moth of wrath (D:15)
  9 ugly things
  3 elephants
  3 large abominations
  3 black mambas
  A water nymph (shapeshifter) (Lair:6)
  A guardian serpent (shapeshifter) (D:13)
  Maurice (D:9)
  2 smoke demons
  Psyche (D:8)
  9 cane toads
  2 efreet
  A rime drake (shapeshifter) (D:13)
  A freezing wraith (D:15)
  A rime drake (Lair:6)
  Maggie (Lair:2)
  2 tengu conjurers
  14 komodo dragons
  2 kobold demonologists
  A yaktaur (D:14)
  A queen bee (D:8)
  A guardian mummy (D:15)
  3 meliai (D:14)
  3 trolls
  3 polar bears
  An ancient zyme (Lair:6)
  Prince Ribbit (D:7)
  24 blink frogs
  Grinder (D:3)
  A raiju (shapeshifter) (D:15)
  2 slime creatures (D:13)
  2 shadows
  A centaur simulacrum (D:15)
  A spriggan (shapeshifter) (D:13)
  Eustachio (D:4)
  2 wraiths
  2 vampires
  A spriggan (Lair:6)
  2 water elementals (D:14)
  3 wyverns
  28 yaks
  5 basilisks
  5 hogs (D:13)
  A hog (shapeshifter) (Lair:6)
  3 humans
  A golden eye (shapeshifter) (Lair:6)
  3 vampire mosquitoes
  2 chaos spawn
  2 steam dragons
  A redback (D:15)
  A human zombie (D:15)
  An acid dragon (D:10)
  2 wargs
  15 water moccasins
  10 small abominations
  Duvessa (D:5)
  6 orc warriors
  4 black bears
  2 sky beasts
  An ice beast (D:5)
  A centaur (D:6)
  9 wolves
  15 ogres
  A lemure (D:7)
  A phantom (D:4)
  4 kobold brigands
  Blork the orc (D:4)
  2 necrophages
  13 bullfrogs
  A gnoll sergeant (D:10)
  2 scorpions
  3 wights (D:6)
  26 killer bees
  Dowan (D:5)
  6 electric eels
  7 howler monkeys
  2 jellies
  13 orc priests
  5 hounds
  A gnoll shaman (D:6)
  3 iguanas
  14 orc wizards
  7 hell rats (Lair:2)
  11 adders
  8 gnolls
  3 river rats (Sewer)
  2 white imps
  3 ufetubi
  A worm (Sewer)
  3 dart slugs
  62 orcs
  8 ball pythons
  5 endoplasms
  11 giant cockroaches
  6 goblins
  2 hobgoblins
  A jackal (Sewer)
  19 kobolds
  6 quokkas (D:3)
  13 bats
  12 frilled lizards
  7 rats
  A spectral orc (D:6)
604 creatures vanquished.

Vanquished Creatures (others)
  An unseen horror (D:13)
  A bush (Lair:1)
  26 fungi
  91 plants
  4 withered plants (D:15)
123 creatures vanquished.

Grand Total: 727 creatures vanquished

Notes
Turn   | Place    | Note
-------+----------+-------------------------------------------
     0 | D:1      | bande the Gargoyle Fighter began the quest for the Orb.
     0 | D:1      | Reached XP level 1. HP: 14/14 MP: 1/1
    66 | D:1      | Reached XP level 2. HP: 19/19 MP: 2/2
   291 | D:1      | Found a faded altar of an unknown god.
   331 | D:1      | Reached skill level 2 in Axes
  1005 | D:2      | Reached XP level 3. HP: 23/23 MP: 3/3
  1288 | D:2      | Identified a scroll of acquirement
  1288 | D:2      | Acquired the +0 pair of boots of Marbles {Regen+ Str+4}
  1499 | D:3      | Noticed Grinder
  1507 | D:3      | Paralysed by Grinder for 2 turns
  1522 | D:3      | Paralysed by Grinder for 6 turns
  1535 | D:3      | Paralysed by Grinder for 5 turns
  1542 | D:3      | Killed Grinder
  1543 | D:3      | Reached skill level 3 in Axes
  1543 | D:3      | Reached XP level 4. HP: 17/30 MP: 4/4
  1543 | D:3      | Reached XP level 5. HP: 20/34 MP: 5/5
  1543 | D:3      | Reached XP level 6. HP: 23/39 MP: 6/6
  1654 | D:3      | Found a glowing drain.
  1674 | D:3      | Reached skill level 4 in Axes
  1683 | Sewer    | Entered a sewer
  2489 | D:3      | You fall into a shaft and drop 3 floors!
  2502 | D:6      | Found a blossoming altar of Fedhas.
  2557 | D:5      | Entered Level 5 of the Dungeon
  2609 | D:5      | Noticed an ice beast
  2616 | D:5      | Reached XP level 7. HP: 44/44 MP: 7/7
  2623 | D:5      | Reached skill level 5 in Axes
  2650 | D:4      | Noticed Eustachio
  2668 | D:4      | Killed Eustachio
  2669 | D:4      | Reached skill level 5 in Armour
  2688 | D:4      | Reached skill level 5 in Fighting
  2767 | D:4      | Noticed Blork the orc
  2787 | D:4      | Killed Blork the orc
  2788 | D:4      | Reached skill level 6 in Axes
  2795 | D:4      | Reached XP level 8. HP: 41/49 MP: 8/8
  2860 | D:4      | Found Vudghuze's Jewellery Emporium.
  3941 | D:5      | Noticed Dowan
  3942 | D:5      | Noticed Duvessa
  3954 | D:5      | Reached skill level 7 in Axes
  4139 | D:5      | Killed Dowan
  4154 | D:5      | HP: 2/50 [Duvessa/+0 short sword (3)]
  4155 | D:5      | Killed Duvessa
  4276 | D:5      | Found a broken altar of Ashenzari.
  4338 | D:5      | Reached skill level 5 in Shields
  4591 | D:5      | Found a staircase to the Ecumenical Temple.
  4709 | Temple   | Entered the Ecumenical Temple
  4884 | Temple   | Became a worshipper of Warmaster Okawaru
  5068 | D:5      | Reached skill level 1 in Evocations
  5068 | D:5      | Reached XP level 9. HP: 55/55 MP: 9/9
  5490 | D:6      | Reached skill level 1 in Invocations
  6317 | D:6      | Reached skill level 8 in Axes
  6354 | D:6      | Reached * piety under Okawaru
  6408 | D:6      | Found a basalt altar of Yredelemnul.
  6704 | D:6      | Found a shimmering blue altar of Sif Muna.
  6732 | D:6      | Got Sif Muna's Compendium of Shape Shifting
  6734 | D:6      | Got Sif Muna's Papyrus of Clay
  6858 | D:7      | Noticed Prince Ribbit
  6936 | D:7      | Killed Prince Ribbit
  7102 | D:7      | Noticed Pikel
  7126 | D:7      | Killed Pikel
  7126 | D:7      | Reached ** piety under Okawaru
  7127 | D:7      | Reached XP level 10. HP: 54/61 MP: 10/12
  7322 | D:7      | Identified the +5 ring mail "Ytroseji" {rPois Int+4}
  7613 | D:7      | Found Cetxuz's Commerce Corner.
  8218 | D:8      | Reached *** piety under Okawaru
  8219 | D:8      | Reached skill level 9 in Axes
  8296 | D:8      | Acquired 804 gold pieces
  8307 | D:8      | Found Mythyteedgh's Antique Weapon Emporium.
  8377 | D:8      | Identified the +2 robe "Jitzumok" {Rampage rF+ Will- rCorr}
  8795 | D:8      | Found a sacrificial altar of Ru.
  9048 | D:8      | Found a burning altar of Makhleb.
  9049 | D:8      | Noticed Psyche
  9070 | D:8      | Killed Psyche
  9070 | D:8      | Reached **** piety under Okawaru
  9198 | D:9      | Noticed Maurice
  9403 | D:8      | Reached skill level 5 in Invocations
  9606 | D:9      | Killed Maurice
  9607 | D:9      | Reached XP level 11. HP: 67/67 MP: 10/14
  9938 | D:9      | Found a staircase to the Lair.
 10126 | D:9      | Noticed Erica
 10144 | D:9      | Killed Erica
 10144 | D:9      | Reached ***** piety under Okawaru
 10145 | D:9      | Reached skill level 10 in Axes
 10250 | D:9      | Found a shimmering altar of Xom.
 10744 | Lair:1   | Entered Level 1 of the Lair of Beasts
 10744 | Lair:1   | Noticed Nergalle
 10784 | D:9      | Killed Nergalle
 10785 | D:9      | Reached skill level 5 in Evocations
 11128 | Lair:1   | Noticed an eight-headed hydra
 11149 | Lair:1   | Killed a one-headed hydra
 11555 | Lair:1   | Received a gift from Okawaru
 12502 | Lair:2   | Noticed Maggie
 12551 | Lair:1   | Reached XP level 12. HP: 47/75 MP: 8/17
 13156 | Lair:2   | Killed Maggie
 13319 | Lair:2   | Reached ****** piety under Okawaru
 13320 | Lair:2   | Reached skill level 11 in Axes
 13631 | Lair:2   | Noticed a seven-headed hydra
 13645 | Lair:2   | Killed a one-headed hydra
 13645 | Lair:2   | Identified the +1 ring mail "Ciefer" {*Corrode Will++
                  | Regen+ Str-5} (Okawaru gifted it to you on level 2 of the
                  | Lair of Beasts)
 13645 | Lair:2   | Received a gift from Okawaru
 13825 | Lair:2   | Reached skill level 10 in Armour
 14348 | Lair:3   | Noticed a seven-headed hydra
 14362 | Lair:3   | Killed a one-headed hydra
 15216 | Lair:4   | Found a staircase to the Snake Pit.
 15285 | Lair:4   | Found a staircase to the Shoals.
 15930 | Lair:5   | Reached XP level 13. HP: 76/80 MP: 16/19
 16045 | Lair:5   | Received a gift from Okawaru
 16056 | Lair:5   | Reached skill level 12 in Axes
 17319 | Lair:6   | Entered Level 6 of the Lair of Beasts
 17329 | Lair:5   | Reached skill level 10 in Fighting
 17751 | Lair:6   | Received a gift from Okawaru
 18485 | Lair:6   | Reached skill level 13 in Axes
 18583 | Lair:6   | Gained mutation: Your large and strong wings let you fly.
                  | [Gargoyle growth]
 18583 | Lair:6   | Reached XP level 14. HP: 78/88 MP: 14/21
 18632 | Lair:6   | Found a corrupted altar of Lugonu.
 18632 | Lair:6   | Found a one-way gate to the infinite horrors of the Abyss.
 18642 | Lair:6   | Identified the ring of the Catfish {*Corrode +Blink rC++
                  | rN+ EV+4}
 19106 | Lair:6   | Found a staircase to the Slime Pits.
 19679 | D:10     | Entered Level 10 of the Dungeon
 19778 | D:10     | Received a gift from Okawaru
 20574 | D:11     | Reached skill level 10 in Invocations
 20576 | D:11     | Found a staircase to the Orcish Mines.
 20755 | D:11     | Found a hazy altar of Hepliaklqana.
 20767 | D:11     | Found a faded altar of an unknown god.
 21142 | D:12     | Noticed Lodul
 21167 | D:12     | Killed Lodul
 21236 | D:12     | Noticed Fannar
 21251 | D:12     | Killed Fannar
 21973 | D:13     | Noticed Kirke
 21978 | D:13     | Noticed a sphinx
 21984 | D:13     | Reached skill level 14 in Axes
 22011 | D:13     | Noticed a sphinx
 22011 | D:13     | Killed Kirke
 22011 | D:13     | Identified the +0 hat of the Watchman {rCorr Str+4}
                  | (Okawaru gifted it to you on level 13 of the Dungeon)
 22011 | D:13     | Received a gift from Okawaru
 22065 | D:13     | Noticed Snorg
 22079 | D:13     | Killed Snorg
 22689 | D:13     | Identified the +3 pair of boots of Sloth {rC+ Str+4}
 22905 | D:13     | Reached XP level 15. HP: 76/95 MP: 16/22
 23403 | D:14     | Noticed SirDiesAlot's ghost (journeyman DEIE)
 23404 | D:14     | Found a transporter.
 23407 | D:14     | Noticed a frost giant
 23432 | D:14     | Found a transporter.
 23505 | D:14     | Identified the +0 pair of boots of Menwago {Str+7}
 23599 | D:14     | Learned a level 2 spell: Blink
 23605 | D:14     | Identified the +7 whip of Denilo {holy, rPois MP+9 Dex+4
                  | Stlth+}
 24137 | D:14     | Reached skill level 1 in Translocations
 24599 | D:14     | Found a gate to the Vaults.
 24608 | D:14     | Received a gift from Okawaru
 24895 | D:15     | Entered Level 15 of the Dungeon
 24927 | D:15     | Found an iron altar of Okawaru.
 24943 | D:15     | Found a transporter.
 24943 | D:15     | Noticed a storm dragon
 24949 | D:15     | Noticed Jouseb's ghost (journeyman TrBe)
 25081 | D:15     | Found a transporter.
 25151 | D:15     | Found a staircase to the Depths.
 25230 | D:15     | Reached skill level 15 in Axes
 26093 | D:15     | Found Ulotho Uxirgh's General Store.
 26101 | D:15     | Bought a scroll of teleportation for 36 gold pieces
 26268 | D:15     | HP: 2/95 [storm dragon (11)]
 26273 | D:15     | Killed from afar by a storm dragon

Illustrated notes

Levels and vault maps discovered:
D:1:      giann_forest_graveyard, layout_loops_ring, basic_ecumenical_altar,
          dreamdust_wishing_well, minivault_26
D:2:      layout_rooms, minmay_misc_feat_square, hangedman_decor_push,
          minmay_lizard_king
D:3:      kennysheep_big_flooded_room, layout_loops_cross, serial_rivers,
          chequers_serial_rivers_large_b, chequers_serial_rivers_room_a,
          chequers_serial_rivers_large_a, chequers_serial_rivers_marsh,
          chequers_serial_rivers_small_b, chequers_serial_rivers_micro_b,
          gup_sewer_entry_pipe, kennysheep_generic_room_4, uniq_grinder
D:4:      layout_basic, serial_shops, nicolae_stop_n_shop_2, uniq_blork_the_orc,
          uniq_eustachio
D:5:      layout_cave_pods, ashenzari_conservatory_becter,
          minmay_temple_entry_antechambers, uniq_duvessa
D:6:      layout_loops_ring, mainiacjoe_overflow_alcove_4,
          yredelemnul_forgotten_temple_becter, nicolae_sif_muna_little_library
D:7:      layout_basic, nicolae_alphabet_shops, uniq_prince_ribbit1, uniq_pikel
D:8:      layout_basic, makhleb_blood_cavern_becter,
          nicolae_ru_the_path_less_chosen, serial_shops, shop,
          kennysheep_generic_room_3, uniq_psyche
D:9:      layout_roguey, tgw_xom, david_lair_shrubbed, corner_web_ring,
          minivault_7, uniq_erica, uniq_maurice
D:10:     layout_irregular_city, kennysheep_small_spiral
D:11:     layout_basic, hiddenorc2_lemuel, beargit_hepliaklqana_dungeon_heroes
D:12:     layout_roguey, uniq_fannar, uniq_lodul
D:13:     layout_basic, kennysheep_kite_vault, uniq_kirke, uniq_snorg
D:14:     layout_gridville, grunt_vaults_entry_fortified, gammafunk_ghost_arena,
          hangedman_decor_points, chequers_serial_rivers_small_b,
          kennysheep_doodads, nicolae_splish_splash
D:15:     gammafunk_depths_entry_grave, layout_small_grid,
          gammafunk_ghost_berserking_beasts, serial_shops, nicolae_shop_crystal,
          okawaru_gym_becter
Temple:   regret_index_temple_generic_petals
Lair:1:   layout_gridlike, wad_woods_06, uniq_nergalle
Lair:2:   layout_hall_layers, lemuel_oklob_altar, grunt_megastairs_3,
          infiniplex_staircase_pool_2, uniq_maggie
Lair:3:   layout_roguey, grunt_megastairs_1
Lair:4:   layout_roguey, shoals_dummy_entry, dummy_snake_entry,
          serial_bayou_lagoon_a, grunt_megastairs_5
Lair:5:   layout_gridlike, serial_bayou_shore_a, infiniplex_staircase_pool
Lair:6:   hellmonk_lair_end_abyssal_woods, layout_gridlike,
          dpeg_slime_entry_corner

Skill      XL: |  1  2  3  4  5  6  7  8  9 10 11 12 13 14 15 |
---------------+----------------------------------------------+-----
Axes           | 2 3 4 6 7 8 9 10 11 13 14 15 | 15.2
Fighting       | 4 5 6 7 8 9 10 11 | 11.3
Armour         | 4 5 6 7 8 9 10 11 12 | 12.5
Shields        | 4 5 6 7 8 9 |  9.9
Evocations     | 1 3 4 5 6 7 9 |  9.7
Invocations    | 3 5 6 8 9 10 11 | 11.4
Translocations | 3 |  3.2
Long Blades    | |  0.3
Stealth        | |  0.1
Unarmed Combat | |  0.9

Action                   |  1- 3 |  4- 6 |  7- 9 | 10-12 | 13-15 || total
-------------------------+-------+-------+-------+-------+-------++-------
Melee: War axe           |   113 |   152 |   176 |    10 |       ||   451
       Hand axe          |       |       |   252 |   843 |       ||  1095
       Unarmed           |       |       |    11 |       |       ||    11
       Broad axe         |       |       |       |   292 |  1264 ||  1556
       Scimitar          |       |       |       |    14 |       ||    14
Invok: Heroism           |       |       |       |       |     1 ||     1
Evoke: Wand              |       |       |     1 |       |       ||     1
  Use: Scroll            |     4 |       |    10 |    10 |     6 ||    30
       Potion            |       |       |     1 |     3 |     8 ||    12
Armor: Scale mail        |     4 |       |       |       |       ||     4
       Chain mail        |    54 |       |       |       |       ||    54
       Plate armour      |    22 |   127 |   372 |   949 |   126 ||  1596
       Crystal plate arm |       |       |       |       |  1027 ||  1027
Dodge: Dodged            |    35 |    48 |   119 |   396 |   449 ||  1047
Block: Buckler           |    20 |    42 |   125 |   323 |   336 ||   846
       Tower shield      |       |       |       |       |   284 ||   284

Table legend: (Time is in decaauts)
 A = Elapsed time spent in this place.
 B = Non-inter-level travel time spent in this place.
 C = Inter-level travel time spent in this place.
 D = Time resting spent in this place.
 E = Time spent auto-exploring this place.
 F = Levels seen in this place.
 G = Mean time per level.
                   A        B        C        D        E       F      G
               +--------+--------+--------+--------+--------+-----+--------+
         Total |  26588 |  25144 |   1444 |   4921 |  13549 |  23 | 1156.0 |
       Dungeon |  16903 |  15932 |    971 |   2600 |   8719 |  15 | 1126.9 |
        Temple |    217 |    170 |     47 |      0 |    160 |   1 |  217.0 |
          Lair |   8735 |   8310 |    425 |   2321 |   4142 |   6 | 1455.8 |
         Sewer |    730 |    730 |      0 |      0 |    527 |   1 |  730.0 |
               +--------+--------+--------+--------+--------+-----+--------+

Top non-repeatable levels by time:
  Lair:1: 2252 daAuts
    D:14: 1744 daAuts
  Lair:5: 1677 daAuts
  Lair:6: 1613 daAuts
     D:8: 1515 daAuts
     D:3: 1494 daAuts
     D:9: 1442 daAuts
  Lair:4: 1427 daAuts
    D:13: 1419 daAuts
     D:5: 1338 daAuts
    D:15: 1168 daAuts
     D:7: 1128 daAuts
     D:1: 996 daAuts
     D:6: 975 daAuts
  Lair:2: 897 daAuts
